 Dungeon Crawl Stone Soup version 0.31-a0-237-g2d982f9f85 (webtiles) character file.

Game seed: 13369725196941492389

118 qw the Shooter (level 5, 0/30 HPs)
             Began as a Gargoyle Hexslinger on July 11, 2023.
             Slain by a black bear (7 damage)
             ... on level 3 of the Dungeon.
             The game lasted 00:00:46 (2057 turns).

qw the Shooter (Gargoyle Hexslinger)                Turns: 2057, Time: 00:00:47

Health: 0/30       AC: 10    Str: 11    XL:     5   Next: 2%
Magic:  6/6        EV: 10    Int: 14    God:
Gold:   112        SH:  0    Dex: 14    Spells: 5/6 levels left

rFire   . . .        Y - +1 sling
rCold   . . .        (no shield)
rNeg    + . .        k - +0 ring mail
rPois   inf          (no helmet)
rElec   +            (no cloak)
rCorr   .            (no gloves)
SInv    .            h - +0 pair of boots
Will    .....        (no amulet)
Stlth   +            (no ring)
HPRegen 0.25/turn    (no ring)
MPRegen 0.10/turn

%: no passive effects
@: no status effects
A: sickness immunity, AC +4, negative energy resistance 1, electricity
resistance, torment resistance 1, petrification resistance
a: no special abilities


You were on level 3 of the Dungeon.
You visited 1 branch of the dungeon, and saw 3 of its levels.

You collected 112 gold pieces.


Innate Abilities, Weirdness & Mutations

You are immune to sickness and miasma.
Your stone body is resilient. (AC +4)
You are immune to poison.
You resist negative energy. (rN+)
You are resistant to electric shocks. (rElec)
You are resistant to unholy torment.
You are immune to petrification.


   Skills:
 - Level 2.0 Fighting
 + Level 4.4 Ranged Weapons
 - Level 1.4 Armour
 - Level 1.5 Dodging
 - Level 1.0 Spellcasting
 - Level 2.6 Hexes


You had 5 spell levels left.
You knew the following spells:

 Your Spells              Type           Power      Damage    Failure   Level
a - Slow                  Hex            32%        N/A       21%         1

Your spell library contained the following spells:

 Spells                   Type           Power      Damage    Failure   Level
 Inner Flame              Hex/Fire       4%         N/A       71%         3
 Portal Projectile        Hex/Tloc       8%         N/A       71%         3
 Cause Fear               Hex            4%         N/A       90%         4

Inventory:

Hand Weapons
 Y - a +1 sling (weapon)
Armour
 h - a +0 pair of boots (worn)
 k - a +0 ring mail (worn)
Jewellery
 a - a ring of see invisible
Scrolls
 d - a scroll of revelation {unknown}
 g - a scroll of identify
Potions
 b - a potion of might
 c - a potion of resistance
 i - a potion of curing
 j - a potion of enlightenment

Dungeon Overview and Level Annotations

Branches:
Dungeon (3/15)

Altars:
Elyvilon
Xom

Shops:
D:1 (


Message History

The black bear bites you but does no damage.
The black bear claws you but does no damage.
The black bear barely misses you.
You shoot a sling bullet.
The sling bullet barely misses the black bear.
You hear the brisk rusting of a very distant drain.
The black bear barely misses you. x2; The black bear claws you.
You shoot a sling bullet.
The sling bullet closely misses the black bear.
The black bear barely misses you. The black bear claws you.
The black bear closely misses you. The black bear bites you.
The black bear closely misses you. x2
You shoot a sling bullet. The sling bullet hits the black bear.
The black bear is heavily wounded.
The black bear bites you but does no damage.
The black bear claws you but does no damage. x2
You shoot a sling bullet.
The sling bullet barely misses the black bear.
The black bear bites you but does no damage.
The black bear barely misses you. The black bear closely misses you.
You shoot a sling bullet.
The sling bullet closely misses the black bear.
The black bear bites you but does no damage.
The black bear claws you but does no damage. x2
The black bear bites you. The black bear completely misses you.
The black bear claws you but does no damage.
You shoot a sling bullet. The sling bullet hits the black bear!
The black bear is severely wounded.
The black bear goes berserk!
You shoot a sling bullet. The sling bullet hits the black bear.
The black bear is almost dead.
The black bear closely misses you.
The black bear claws you but does no damage. x2
The black bear closely misses you.
The black bear claws you but does no damage.
The black bear barely misses you.
You shoot a sling bullet. The sling bullet hits the black bear!
The black bear is almost dead.
The black bear bites you!
You die...

.#.~.##.#####.#
.#.~.##.# #.#
##.~.##.# #.#
...~.##.# #.#
~~~~.##.# #.#
.....##.# #.#
#######.# #.#
.##.# #.#
#.#########.
.##.# #.#
#...@h......
.#.## #.#
############
..## #.# .##
#.# .# #.# .#
#.# .# #.# .#
#.# .######)#


You could see a black bear (berserk).

Vanquished Creatures
  A hound (D:3)
  2 adders (D:2)
  3 dart slugs
  5 orcs (D:3)
  4 ball pythons
  3 bats
  2 endoplasms
  3 giant cockroaches (D:1)
  7 goblins
  5 hobgoblins
  3 jackals (D:1)
  4 kobolds
  5 quokkas
  2 frilled lizards
  2 rats (D:1)
51 creatures vanquished.

Notes
Turn   | Place    | Note
-------+----------+-------------------------------------------
     0 | D:1      | qw the Gargoyle Hexslinger began the quest for the Orb.
     0 | D:1      | Reached XP level 1. HP: 12/12 MP: 2/2
     0 | D:1      | 0 ||| qw: Version: 0.3-a-52-g30416fa
     0 | D:1      | 0 ||| qw: Game counter: 5496
     0 | D:1      | 0 ||| qw: Melee chars always use a shield: true
     0 | D:1      | 0 ||| qw: God list: Okawaru
     0 | D:1      | 0 ||| qw: Allow faded altars: false
     0 | D:1      | 0 ||| qw: Do Orc after clearing Dungeon:15 true
     0 | D:1      | 0 ||| qw: Do second Lair branch before Depths: true
     0 | D:1      | 0 ||| qw: Lair rune preference: random
     0 | D:1      | 0 ||| qw: Goals: Normal
     0 | D:1      | 0 ||| PLANNING D:1-11
   144 | D:1      | HP: 3/12 [quokka (4)]
   145 | D:1      | HP: 1/12 [quokka (2)]
   219 | D:1      | Reached XP level 2. HP: 16/16 MP: 3/3
   288 | D:1      | Found Esti's Weapon Emporium.
   299 | D:1      | 299 ||| SHOPLISTING +2 sling of Income {flame, rPois rN+}
                  | (309 gold, have 21).
   439 | D:1      | Reached skill level 3 in Ranged Weapons
   575 | D:1      | Reached XP level 3. HP: 20/21 MP: 4/4
  1124 | D:1      | 1124 ||| UPGRADING to +0 leather armour.
  1134 | D:1      | 1134 ||| DROPPING +0 robe.
  1135 | D:1      | 1135 ||| UPGRADING to +0 pair of boots.
  1140 | D:1      | 1140 ||| UPGRADING to +0 ring mail.
  1150 | D:1      | 1150 ||| DROPPING +0 leather armour.
  1151 | D:1      | 1151 ||| READING scroll labelled GODDYTI TIDGH.
  1152 | D:1      | 1152 ||| READING 3 scrolls labelled MUKLO XOEZ.
  1153 | D:1      | 1153 ||| READING 2 scrolls of identify.
  1153 | D:1      | 1153 ||| IDENTIFYING smoky yellow potion
  1154 | D:1      | 1154 ||| DROPPING scroll of poison.
  1155 | D:1      | 1155 ||| DROPPING potion of invisibility.
  1316 | D:2      | Reached skill level 1 in Armour
  1434 | D:2      | Reached XP level 4. HP: 26/26 MP: 5/5
  1703 | D:2      | 1703 ||| READING scroll labelled YNOSAMPE OVVOG.
  1704 | D:2      | 1704 ||| DRINKING 2 emerald potions.
  1705 | D:2      | 1705 ||| DRINKING 2 fuming golden potions.
  1706 | D:2      | 1706 ||| DRINKING 2 silvery potions.
  1707 | D:2      | 1707 ||| READING 3 scrolls of identify.
  1707 | D:2      | 1707 ||| IDENTIFYING viscous grey potion
  1708 | D:2      | 1708 ||| READING 2 scrolls of identify.
  1708 | D:2      | 1708 ||| IDENTIFYING viscous purple potion
  1709 | D:2      | 1709 ||| DROPPING potion of magic.
  1715 | D:3      | 1715 ||| PLANNING SEWER
  1833 | D:3      | Reached skill level 4 in Ranged Weapons
  1934 | D:3      | Found a shimmering altar of Xom.
  1945 | D:3      | Found a white marble altar of Elyvilon.
  1989 | D:3      | Reached XP level 5. HP: 26/30 MP: 6/6
  2040 | D:3      | Noticed a black bear
  2051 | D:3      | HP: 7/30 [black bear (1)]
  2057 | D:3      | Slain by a black bear

Levels and vault maps discovered:
D:1:      roderic_octagonal_star, layout_basic, serial_shops,
          nicolae_diamond_shop
D:2:      layout_rooms
D:3:      layout_loops_ring, nicolae_overflow_squiral,
          hellmonk_ecumenical_altar_leap_of_faith, serial_shops,
          nicolae_shop_tiny_statue_garden, gup_sewer_entry_bowl, feat_on_display

Skill      XL: |  1  2  3  4 |
---------------+-------------+-----
Ranged Weapons | 3 4 |  4.4
Fighting       | 2 |  2.0
Armour         | 1 |  1.4
Dodging        | |  1.5
Spellcasting   | |  1.0
Hexes          | |  2.6

Action                     |  1- 3 |  4- 6 || total
---------------------------+-------+-------++-------
   Fire: Sling             |   126 |    75 ||   201
    Use: Scroll            |     3 |     3 ||     6
         Potion            |       |     3 ||     3
 Armour: Robe              |    21 |       ||    21
         Ring mail         |    13 |    41 ||    54
  Dodge: Dodged            |    58 |    45 ||   103

Table legend:
 A = Non-vault XP
 B = Vault XP
 C = Vault XP percentage of total XP
 D = Non-vault monster count
 E = Vault monster count
 F = Vault count percentage of total count
                 A         B        C        D         E       F
            +---------+---------+-------+---------+---------+-------
      Total |     169 |       0 |   0.0 |      51 |       0 |   0.0
            +---------+---------+-------+---------+---------+-------
        D:1 |      47 |       0 |   0.0 |      24 |       0 |   0.0
        D:2 |      53 |       0 |   0.0 |      14 |       0 |   0.0
        D:3 |      69 |       0 |   0.0 |      13 |       0 |   0.0
            +---------+---------+-------+---------+---------+-------
